 Dungeon Crawl Stone Soup version 0.28.0-1-gb440e238dd (webtiles) character file.

Game seed: 14657017525359960996

77 hikkokomori the Digger (level 4, -1/24 HPs)
             Began as a Gargoyle Earth Elementalist on Feb 21, 2022.
             Slain by Robin (2 damage)
             ... on level 1 of the Dungeon.
             The game lasted 00:04:37 (2254 turns).

hikkokomori the Digger (GrEE)                       Turns: 2254, Time: 00:04:37

Health: -1/24      AC:  5    Str: 13    XL:     4   Next: 34%
Magic:  8/8        EV: 11    Int: 16    God:
Gold:   106        SH:  0    Dex: 10    Spells: 4/8 levels left

rFire   + . .      SeeInvis .   a - +0 short sword
rCold   + . .      Faith    .   (no shield)
rNeg    + . .      Spirit   .   h - +0 robe
rPois   ∞          Reflect  .   (no helmet)
rElec   +          Harm     .   (no cloak)
rCorr   +          Rampage  .   (no gloves)
Will    .....                   (no boots)
Stlth   ++........              (no amulet)
HPRegen 0.08/turn               (no ring)
MPRegen 0.11/turn               (no ring)

@: mighty, resistant
A: sickness immunity, AC +3, negative energy resistance 1, electricity
resistance, torment resistance 1, petrification resistance
a: no special abilities


You were on level 1 of the Dungeon.
You visited 1 branch of the dungeon, and saw 2 of its levels.

You collected 106 gold pieces.

Inventory:

Hand Weapons
 a - a +0 short sword (weapon)
 e - a +0 dagger
 i - a +0 flail
Armour
 h - a +0 robe (worn)
 j - a +0 scale mail
Wands
 k - a wand of polymorph (12)
Scrolls
 g - a scroll of identify {unknown}


   Skills:
 - Level 1.5 Dodging
 + Level 3.4 Stealth
 + Level 2.8 Spellcasting
 - Level 0.7 Transmutations
 + Level 4.6 Earth Magic


You had 4 spell levels left.
You knew the following spells:

 Your Spells              Type           Power      Damage    Failure   Level
a - Sandblast             Erth           34%        2d9       2%          1
b - Stone Arrow           Conj/Erth      18%        3d8       22%         3

Your spell library contained the following spells:

 Spells                   Type           Power      Damage    Failure   Level
 Passwall                 Tmut/Erth      8%         N/A       10%         2
 Petrify                  Tmut/Erth      10%        N/A       54%         4


Dungeon Overview and Level Annotations

Branches:
Dungeon (2/15)

Altars:

Annotations:
D:1 Jessica, Robin


Innate Abilities, Weirdness & Mutations

You are immune to sickness and miasma.
Your stone body is resilient. (AC +3)
You are immune to poison.
You resist negative energy. (rN+)
You are resistant to electric shocks. (rElec)
You are resistant to unholy torment.
You are immune to petrification.


Message History

Jessica hits you with a +0 club. Robin hits you with a +0 whip.
You climb upwards.
There is a stone staircase leading down here.
It was a potion of resistance.
You feel protected. Jessica barely misses you. Robin hits you with a +0 whip.
Jessica hits you with a +0 club.
* * * LOW HITPOINT WARNING * * *
Unknown command.
It was a potion of might.
You feel very mighty all of a sudden. Jessica hits you with a +0 club.
* * * LOW HITPOINT WARNING * * *
Robin hits you with a +0 whip.
* * * LOW HITPOINT WARNING * * *
Unknown command.
It was a potion of curing.
You feel better. Jessica hits you but does no damage. Robin barely misses you.
Jessica hits you but does no damage.
You hit Robin.
Robin is moderately wounded.
Jessica misses you. Robin hits you with a +0 whip.
You barely miss Robin.
Robin is moderately wounded.
Jessica closely misses you. Robin barely misses you.
Jessica gestures at you while chanting. You resist with some effort.
You barely miss Robin.
Robin is moderately wounded.
Jessica barely misses you. Robin hits you with a +0 whip.
* * * LOW HITPOINT WARNING * * *
Jessica hits you with a +0 club.
* * * LOW HITPOINT WARNING * * *
Robin closely misses you.
You barely miss Robin.
Robin is moderately wounded.
Jessica hits you with a +0 club.
* * * LOW HITPOINT WARNING * * *
Robin hits you with a +0 whip.
You die...

##.^...##.......#....
##.................##.
#.....................
#.....................
#.....................
#.....................
#.....................
#....g@...............
##...@................
##.....##[...........
###########.........
#........##
#..........
#######..........
#...............>
#................
#................


You could see Robin and Jessica (fast).

Vanquished Creatures
  Terence (D:2)
  A dart slug (D:1)
  5 bats
  8 endoplasms
  A giant cockroach (D:2)
  6 goblins
  7 hobgoblins
  A quokka (D:1)
  5 ball pythons (D:1)
  A frilled lizard (D:1)
  4 kobolds (D:1)
  5 rats
45 creatures vanquished.

Vanquished Creatures (others)
  A plant (D:1)
1 creature vanquished.

Grand Total: 46 creatures vanquished

Notes
Turn   | Place    | Note
-------+----------+-------------------------------------------
     0 | D:1      | hikkokomori the Gargoyle Earth Elementalist began the quest
                  | for the Orb.
     0 | D:1      | Reached XP level 1. HP: 10/10 MP: 3/3
   112 | D:1      | Reached XP level 2. HP: 2/15 MP: 0/5
   478 | D:1      | Reached skill level 4 in Earth Magic
   576 | D:1      | Found a faded altar of an unknown god.
   738 | D:1      | Reached XP level 3. HP: 14/19 MP: 6/6
  1229 | D:2      | Noticed Terence
  1238 | D:2      | Killed Terence
  1239 | D:2      | Reached XP level 4. HP: 13/24 MP: 0/8
  1929 | D:2      | Noticed Robin
  1930 | D:2      | Noticed Jessica
  2230 | D:1      | Learned a level 3 spell: Stone Arrow
  2248 | D:1      | HP: 1/24 [Robin (1)]
  2254 | D:1      | HP: 1/24 [Jessica (3)]
  2254 | D:1      | Slain by Robin

Illustrated notes

Levels and vault maps discovered:
D:1:      onia_arrival_mini_spirals, layout_rooms,
          shapermc_ecumenical_altar_mp_ritualfount
D:2:      layout_basic, uniq_jessica, uniq_robin, uniq_terence

Skill      XL: |  1  2  3 |
---------------+----------+-----
Earth Magic    | 4 |  4.6
Stealth        | 3 |  3.4
Dodging        | |  1.5
Spellcasting   | |  2.8
Transmutations | |  0.7

Action                   |  1- 3 |  4- 6 || total
-------------------------+-------+-------++-------
Melee: Unarmed           |     6 |       ||     6
       Punch             |     2 |       ||     2
       Short sword       |    57 |    61 ||   118
 Cast: Sandblast         |    25 |    10 ||    35
  Use: Potion            |       |     3 ||     3
       Scroll            |       |     2 ||     2
 Stab: Sleeping          |     1 |       ||     1
Armor: Robe              |    39 |    27 ||    66
Dodge: Dodged            |    63 |    51 ||   114
